[Event "Netanya Open 2019"]
[Site "Netanya"]
[Date "2019.06.25"]
[Round "3.45"]
[White "Shetah, Roi"]
[Black "Katkov, Michelle"]
[Result "0-1"]
[WhiteElo "1836"]
[BlackElo "2065"]
[PlyCount "140"]
[EventDate "2019.06.23"]
[EventType "swiss"]
[EventRounds "9"]
[EventCountry "ISR"]
[TimeControl "40/5400+30:1800+30"]

1. e4 e5 2. Nf3 Nc6 3. Bc4 Bc5 4. O-O Nf6 5. d3 d6 6. a4 a5 7. c3 O-O 8. Bg5 h6 9. Bh4 g5 10. Bg3 Bb6 11. Nbd2 Re8 12. Qb3 Qe7 13. Rfe1 Nh5 14. Nf1 Qf6 15. Ne3 Be6 16. Bxe6 Qxe6 17. Qd1 Nxg3 18. hxg3 Bxe3 19. Rxe3 d5 20. Nd2 d4 21. Re1 Rad8 22. c4 Nb4 23. Nf1 c6 24. g4 b5 25. b3 bxc4 26. bxc4 Rb8 27. Rb1 Na2 28. Rxb8 Rxb8 29. Ng3 Nc3 30. Qf3 Rb4 31. Nf5 c5 32. Qh3 Kh7 33. g3 Rxa4 34. Kg2 Rb4 35. Rh1 Rb1 36. Rxb1 Nxb1 37. f4 exf4 38. gxf4 gxf4 39. g5 Qg6 40. Nxh6 Qxg5+ 41. Ng4+ Kg7 42. e5 Kg6 43. Kf2 Qh5 44. Qg2 Qh4+ 45. Ke2 Nc3+ 46. Kf1 Kf5 47. Nf2 Qh5 48. Qc6 Qe2+ 49. Kg1 Qxe5 50. Qc8+ Kg6 51. Qg8+ Qg7 52. Qc8 Ne2+ 53. Kh2 Kh7 54. Ng4 Qg5 55. Kg2 Qg6 56. Qd7 Nc3 57. Kf2 Nd1+ 58. Ke1 Ne3 59. Nxe3 fxe3 60. Qh3+ Kg7 61. Qh2 Qg5 62. Ke2 Kg6 63. Qd6+ f6 64. Qc6 Qg4+ 65. Kf1 Qf5+ 66. Kg2 Kg5 67. Qa8 Kh4 68. Qh8+ Qh5 69. Qb8 Qg4+ 70. Kf1 Qf3+ 0-1

[Event "Netanya Open 2019"]
[Site "Netanya"]
[Date "2019.06.25"]
[Round "3.46"]
[White "Gorshtein, Asaf"]
[Black "Zilbershtein, Victor"]
[Result "1-0"]
[ECO "B08"]
[WhiteElo "2109"]
[BlackElo "1756"]
[PlyCount "59"]
[EventDate "2019.06.23"]
[EventType "swiss"]
[EventRounds "9"]
[EventCountry "ISR"]
[TimeControl "40/5400+30:1800+30"]

1. e4 d6 2. d4 g6 3. Nc3 Bg7 4. Be3 Nd7 5. Qd2 e5 6. Nf3 Ngf6 7. O-O-O Ng4 8. Bg5 f6 9. h3 Nxf2 10. Qxf2 fxg5 11. Bc4 Rf8 12. Qe2 c6 13. a3 h6 14. Rhf1 exd4 15. e5 dxe5 16. Qe4 Qe7 17. Qxg6+ Kd8 18. Ne4 Nb6 19. Nfd2 Nd5 20. Rxf8+ Qxf8 21. Bxd5 Bf5 22. Qd6+ Qxd6 23. Nxd6 Bg6 24. Be4 Bxe4 25. N2xe4 b6 26. Rf1 h5 27. Rf7 Bh6 28. Nf6 g4+ 29. Kd1 gxh3 30. Rd7# 1-0

[Event "Netanya Open 2019"]
[Site "Netanya"]
[Date "2019.06.25"]
[Round "3.47"]
[White "Kushnir, Arie"]
[Black "Brenner, Moshe"]
[Result "1-0"]
[WhiteElo "1662"]
[BlackElo "2098"]
[PlyCount "92"]
[EventDate "2019.06.23"]
[EventType "swiss"]
[EventRounds "9"]
[EventCountry "ISR"]
[TimeControl "40/5400+30:1800+30"]

1. e4 c6 2. d4 d5 3. Nd2 dxe4 4. Nxe4 Bf5 5. Ng3 Bg6 6. Nf3 Nd7 7. h4 h6 8. Bd3 Bxd3 9. Qxd3 Ngf6 10. Bd2 e6 11. O-O-O Qc7 12. Ne4 O-O-O 13. g3 Nxe4 14. Qxe4 Nf6 15. Qe2 Bd6 16. Kb1 Rhe8 17. c4 c5 18. Bc3 cxd4 19. Nxd4 a6 20. Rc1 Bc5 21. Nb3 e5 22. Nxc5 Qxc5 23. b4 Qc6 24. Rhe1 Nd7 25. Qb2 f6 26. b5 Qc5 27. Bb4 Qc7 28. Qa3 Nb8 29. Red1 e4 30. Bd6 Qb6 31. Rd5 Re6 32. Rcd1 Ree8 33. Ka1 Rd7 34. c5 Qxb5 35. c6 Qxc6 36. Rc1 Red8 37. Rxc6+ Nxc6 38. Qc5 g6 39. Kb2 f5 40. Kc3 h5 41. a4 Re8 42. Bf4 Rde7 43. Rd6 Re6 44. Qd5 R6e7 45. Rxc6+ bxc6 46. Qxc6+ Kd8 1-0

[Event "Netanya Open 2019"]
[Site "Netanya"]
[Date "2019.06.25"]
[Round "3.48"]
[White "Nissim, Jonathan"]
[Black "Neeman, Gal"]
[Result "1-0"]
[WhiteElo "2082"]
[BlackElo "1661"]
[PlyCount "73"]
[EventDate "2019.06.23"]
[EventType "swiss"]
[EventRounds "9"]
[EventCountry "ISR"]
[TimeControl "40/5400+30:1800+30"]

1. d4 d5 2. c4 e6 3. Nc3 c6 4. Nf3 dxc4 5. a4 Bb4 6. e3 b5 7. Bd2 a5 8. axb5 Bxc3 9. Bxc3 cxb5 10. b3 Bb7 11. bxc4 b4 12. Bb2 Nf6 13. Bd3 O-O 14. O-O Nbd7 15. Nd2 Bc6 16. Bc2 Nb6 17. e4 a4 18. d5 exd5 19. exd5 Bd7 20. Qf3 Rc8 21. Qd3 g6 22. Qd4 Nbxd5 23. cxd5 Rxc2 24. Ne4 Rxb2 25. Nxf6+ Qxf6 26. Qxf6 a3 27. Rfe1 Bf5 28. h3 h5 29. g4 hxg4 30. hxg4 Bc2 31. Re3 Rb3 32. Rxb3 Bxb3 33. Kg2 Bxd5+ 34. f3 Rc8 35. Rh1 Bxf3+ 36. Kxf3 Rc3+ 37. Ke4 1-0

[Event "Netanya Open 2019"]
[Site "Netanya"]
[Date "2019.06.25"]
[Round "3.49"]
[White "Lomakin, Vladimir"]
[Black "Sokolovsky, Yahli"]
[Result "0-1"]
[ECO "B90"]
[WhiteElo "1430"]
[BlackElo "2054"]
[PlyCount "76"]
[EventDate "2019.06.23"]
[EventType "swiss"]
[EventRounds "9"]
[EventCountry "ISR"]
[TimeControl "40/5400+30:1800+30"]

1. e4 c5 2. Nf3 d6 3. d4 cxd4 4. Nxd4 Nf6 5. Nc3 a6 6. Be2 e5 7. Nb3 Be7 8. O-O O-O 9. Be3 Be6 10. f4 Nc6 11. f5 Bc8 12. Rf3 Ng4 13. Bc1 Qb6+ 14. Kh1 Nf2+ 15. Rxf2 Qxf2 16. Nd5 Qa7 17. Be3 b6 18. f6 gxf6 19. Bh6 Be6 20. Qd3 Kh8 21. Bxf8 Rxf8 22. Nxe7 Nxe7 23. Qxd6 Ng6 24. Rf1 Rc8 25. c3 Nf4 26. Bd1 Qc7 27. Qxc7 Rxc7 28. g3 Nd3 29. Be2 Nxb2 30. Rc1 b5 31. Rc2 Na4 32. c4 bxc4 33. Na5 c3 34. Kg2 f5 35. Kf3 Kg7 36. Bd3 fxe4+ 37. Bxe4 f5 38. Bc6 Rxc6 0-1

[Event "Netanya Open 2019"]
[Site "Netanya"]
[Date "2019.06.25"]
[Round "3.50"]
[White "Parnes, Nadav"]
[Black "Tal-Shahar, Liam"]
[Result "1/2-1/2"]
[WhiteElo "2072"]
[BlackElo "1623"]
[PlyCount "126"]
[EventDate "2019.06.23"]
[EventType "swiss"]
[EventRounds "9"]
[EventCountry "ISR"]
[TimeControl "40/5400+30:1800+30"]

1. Nf3 d5 2. g3 Nf6 3. Bg2 g6 4. O-O Bg7 5. d3 O-O 6. Nbd2 Bg4 7. h3 Bxf3 8. exf3 e5 9. Nb3 Nc6 10. Bd2 Qd6 11. c3 Rfe8 12. f4 b6 13. Qc2 Rad8 14. Rfe1 Qd7 15. g4 Re7 16. Re2 Rde8 17. Rae1 a5 18. fxe5 Rxe5 19. Bf4 Rxe2 20. Rxe2 Rxe2 21. Qxe2 Nd8 22. Be5 c6 23. Bf3 Ne6 24. h4 h6 25. Qe3 Qd8 26. Bg3 Ne8 27. d4 Nd6 28. Nd2 Kh7 29. Bd1 Nb7 30. h5 gxh5 31. gxh5 c5 32. dxc5 Nbxc5 33. Bc2+ Kg8 34. Nf3 Nd7 35. Qd3 Nf6 36. Bh4 Nf8 37. Ne5 Qd6 38. Qf5 Qe6 39. Bxf6 Qxf6 40. Qxf6 Bxf6 41. Ng4 Bg5 42. Bb3 Ne6 43. Bxd5 Nf4 44. Bc4 Nxh5 45. Ne5 Kg7 46. Bxf7 Kf6 47. Bxh5 Kxe5 48. a4 Bc1 49. b3 Bb2 50. c4 Kd4 51. Kg2 Kc3 52. Bd1 Kd2 53. Bg4 Kc2 54. Bd7 Kxb3 55. Bb5 Bc1 56. Kg3 Kb4 57. Kg4 Kc5 58. f4 Kd6 59. Kf5 Ke7 60. Bc6 Be3 61. Ke4 Bc5 62. Kf5 Be3 63. Ke4 Bc5 1/2-1/2

[Event "Netanya Open 2019"]
[Site "Netanya"]
[Date "2019.06.25"]
[Round "3.51"]
[White "Neeman, Ori"]
[Black "Slobodiansky, Steven"]
[Result "0-1"]
[WhiteElo "1285"]
[BlackElo "2088"]
[PlyCount "72"]
[EventDate "2019.06.23"]
[EventType "swiss"]
[EventRounds "9"]
[EventCountry "ISR"]
[TimeControl "40/5400+30:1800+30"]

1. e4 e6 2. d4 d5 3. e5 c5 4. c3 Nc6 5. Be3 Nh6 6. h3 Nf5 7. Bd3 cxd4 8. cxd4 Nfxd4 9. Bxd4 Nxd4 10. Bxh7 Qb6 11. Bc2 Qxb2 12. Ba4+ b5 13. Nd2 bxa4 14. Rb1 Qa3 15. Ne2 Nc6 16. O-O Nxe5 17. Qc2 Ba6 18. Rfe1 Rc8 19. Qd1 Nd3 20. Nd4 Nxe1 21. Qxe1 Qd6 22. N2f3 Be7 23. Qe3 O-O 24. Re1 Bf6 25. Ne2 Bxe2 26. Rxe2 d4 27. Qd3 Rc1+ 28. Ne1 Rfc8 29. g3 R8c3 30. Qe4 d3 31. Rd2 R3c2 32. Rxd3 Rxe1+ 33. Qxe1 Qxd3 34. Qb4 Bd4 35. Qb8+ Kh7 36. h4 Rxf2 0-1

[Event "Netanya Open 2019"]
[Site "Netanya"]
[Date "2019.06.25"]
[Round "3.52"]
[White "Friedland, Moshe"]
[Black "Vagman, Roy"]
[Result "1-0"]
[WhiteElo "2315"]
[BlackElo "1918"]
[PlyCount "87"]
[EventDate "2019.06.23"]
[EventType "swiss"]
[EventRounds "9"]
[EventCountry "ISR"]
[TimeControl "40/5400+30:1800+30"]

1. e4 e5 2. Nf3 Nc6 3. Bc4 Bc5 4. c3 Nf6 5. d3 a6 6. O-O Ba7 7. Bg5 h6 8. Bh4 g5 9. Bg3 d6 10. a4 Bg4 11. h3 Bh5 12. Nbd2 Qd7 13. b4 g4 14. hxg4 Qxg4 15. Kh1 Rg8 16. Rg1 Ne7 17. Qe1 Bg6 18. Bh4 Nh5 19. Nf1 Qd7 20. b5 a5 21. d4 Qg4 22. Ne3 Qxe4 23. Bxe7 Kxe7 24. Bd5 Qf4 25. g3 Qf6 26. Bxb7 Ke6 27. Bd5+ Kd7 28. Bc6+ Ke6 29. Qe2 Qd8 30. dxe5 Bxe3 31. exd6 Kf6 32. Qxe3 Kg7 33. dxc7 Qc8 34. Qd4+ Kh7 35. g4 Ng7 36. b6 Ne6 37. Qd6 Ra6 38. Bd5 Ng5 39. Nxg5+ hxg5 40. Rg3 Qe8 41. Re3 Qc8 42. Rh3+ Kg7 43. Qe5+ Kf8 44. b7 1-0

[Event "Netanya Open 2019"]
[Site "Netanya"]
[Date "2019.06.25"]
[Round "3.53"]
[White "Axelrod, Arie"]
[Black "Reches, Omer"]
[Result "1-0"]
[ECO "B26"]
[WhiteElo "2224"]
[BlackElo "1720"]
[PlyCount "53"]
[EventDate "2019.06.23"]
[EventType "swiss"]
[EventRounds "9"]
[EventCountry "ISR"]
[TimeControl "40/5400+30:1800+30"]

1. e4 c5 2. Nc3 e6 3. g3 Nc6 4. Bg2 g6 5. d3 Bg7 6. Be3 d6 7. Qd2 Rb8 8. Nge2 Nd4 9. O-O Ne7 10. Rae1 O-O 11. Nc1 Nec6 12. Nd1 e5 13. c3 Ne6 14. Bh6 Ne7 15. Bxg7 Kxg7 16. f4 exf4 17. gxf4 f5 18. Ne3 fxe4 19. Ne2 exd3 20. Qxd3 Qc7 21. c4 Bd7 22. Qc3+ Kg8 23. Ng4 Nd4 24. Nh6+ Kg7 25. Nxd4 Kxh6 26. Rxe7 cxd4 27. Qxd4 1-0

[Event "Netanya Open 2019"]
[Site "Netanya"]
[Date "2019.06.25"]
[Round "3.54"]
[White "Zoabi, Jihad"]
[Black "Levin, Guy"]
[Result "1/2-1/2"]
[WhiteElo "1788"]
[BlackElo "2052"]
[PlyCount "73"]
[EventDate "2019.06.23"]
[EventType "swiss"]
[EventRounds "9"]
[EventCountry "ISR"]
[TimeControl "40/5400+30:1800+30"]

1. e4 c5 2. Nf3 d6 3. Bb5+ Bd7 4. Bxd7+ Nxd7 5. O-O Ngf6 6. Re1 e6 7. b3 Be7 8. Bb2 O-O 9. c4 Ng4 10. d4 cxd4 11. Nxd4 Nge5 12. f4 Nc6 13. Kh1 Nxd4 14. Qxd4 Bf6 15. Qd2 Bxb2 16. Qxb2 Qh4 17. Qd2 Nf6 18. Nc3 Nh5 19. Rad1 Rfd8 20. Qe3 Nf6 21. Rd3 Rd7 22. Qg3 Qh5 23. Red1 Rad8 24. Qe1 Qa5 25. Qd2 Kh8 26. Rd4 a6 27. Na4 Qxd2 28. R1xd2 e5 29. fxe5 dxe5 30. Rxd7 Rxd7 31. Rxd7 Nxd7 32. Kg1 Kg8 33. Kf2 Kf8 34. Nc3 Ke7 35. Nd5+ Kd6 36. b4 b6 37. Ke3 1/2-1/2

[Event "Netanya Open 2019"]
[Site "Netanya"]
[Date "2019.06.25"]
[Round "3.55"]
[White "Sherman, Reem"]
[Black "Scheinfeild, Michael"]
[Result "1-0"]
[WhiteElo "1951"]
[BlackElo "1582"]
[PlyCount "69"]
[EventDate "2019.06.23"]
[EventType "swiss"]
[EventRounds "9"]
[EventCountry "ISR"]
[TimeControl "40/5400+30:1800+30"]

1. e4 c5 2. Nf3 d6 3. d4 cxd4 4. Nxd4 Nf6 5. Nc3 g6 6. Be3 Bg7 7. f3 O-O 8. Bc4 Nc6 9. Bb3 Na5 10. Qd2 Nxb3 11. Nxb3 Re8 12. g4 Be6 13. Nd4 Bc4 14. h4 h5 15. gxh5 Nxh5 16. Rg1 e5 17. Nde2 Qxh4+ 18. Bf2 Qh2 19. Qe3 Kh7 20. f4 exf4 21. Qf3 d5 22. Nxd5 Bxd5 23. exd5 Bxb2 24. Rd1 Rxe2+ 25. Kxe2 Re8+ 26. Kd3 Re3+ 27. Bxe3 fxe3 28. Qxf7+ Bg7 29. Qxg6+ Kg8 30. Qe8+ Kh7 31. Qxh5+ Qxh5 32. Rh1 Qxh1 33. Rxh1+ Kg6 34. d6 Be5 35. d7 1-0

[Event "Netanya Open 2019"]
[Site "Netanya"]
[Date "2019.06.25"]
[Round "3.56"]
[White "Friedland, Eldar"]
[Black "Havakuk, Elad"]
[Result "1-0"]
[WhiteElo "1939"]
[BlackElo "1350"]
[PlyCount "89"]
[EventDate "2019.06.23"]
[EventType "swiss"]
[EventRounds "9"]
[EventCountry "ISR"]
[TimeControl "40/5400+30:1800+30"]

1. d4 d5 2. c4 c6 3. Nf3 Nf6 4. Qc2 g6 5. Bf4 Bf5 6. Qb3 b6 7. e3 Nbd7 8. Nc3 e6 9. Qa4 Qc8 10. cxd5 Nxd5 11. Ba6 Qd8 12. Nxd5 b5 13. Nc7+ Qxc7 14. Bxc7 bxa4 15. Bb7 Bb4+ 16. Ke2 O-O 17. Bxa8 Rxa8 18. a3 Be7 19. Nd2 c5 20. e4 cxd4 21. exf5 gxf5 22. f4 Nc5 23. Rac1 Rc8 24. Ba5 d3+ 25. Ke3 Rb8 26. Bb4 Nb3 27. Bxe7 Nxc1 28. Rxc1 Rxb2 29. Bf6 Rc2 30. Rxc2 dxc2 31. Bb2 Kf8 32. Kd3 e5 33. fxe5 Ke7 34. Kxc2 h5 35. Kd3 h4 36. Nf3 f4 37. Nxh4 f3 38. Nxf3 f5 39. exf6+ Kf7 40. Ng5+ Kg6 41. h4 Kh5 42. f7 a5 43. f8=Q Kg6 44. Qf7+ Kh6 45. Qh7# 1-0

[Event "Netanya Open 2019"]
[Site "Netanya"]
[Date "2019.06.25"]
[Round "3.57"]
[White "Zaromb, Charles Irving"]
[Black "Cohen Revivo, Alon"]
[Result "0-1"]
[WhiteElo "1738"]
[BlackElo "2030"]
[PlyCount "58"]
[EventDate "2019.06.23"]
[EventType "swiss"]
[EventRounds "9"]
[EventCountry "ISR"]
[TimeControl "40/5400+30:1800+30"]

1. e4 e6 2. d4 d5 3. Nc3 Nc6 4. Nf3 Nf6 5. exd5 exd5 6. Bd3 Be7 7. h3 Nb4 8. Bf4 c6 9. a3 Nxd3+ 10. Qxd3 O-O 11. O-O Be6 12. Rfe1 Nh5 13. Bh2 Bd6 14. Bxd6 Qxd6 15. Ng5 g6 16. Nxe6 fxe6 17. Re5 Rf6 18. Rae1 Raf8 19. Nd1 Nf4 20. Qe3 Rf5 21. Qg3 Rxe5 22. dxe5 Qc5 23. Ne3 Qd4 24. Qg5 Qd2 25. Rf1 d4 26. Rd1 Nxh3+ 27. gxh3 Qxf2+ 28. Kh1 dxe3 29. Rd8 e2 0-1

[Event "Netanya Open 2019"]
[Site "Netanya"]
[Date "2019.06.25"]
[Round "3.58"]
[White "Mizrahi, Ido"]
[Black "Lazebnikov, Efim"]
[Result "1/2-1/2"]
[WhiteElo "2101"]
[BlackElo "1444"]
[PlyCount "145"]
[EventDate "2019.06.23"]
[EventType "swiss"]
[EventRounds "9"]
[EventCountry "ISR"]
[TimeControl "40/5400+30:1800+30"]

1. d4 e6 2. c4 b6 3. e4 Bb7 4. Bd3 f5 5. exf5 Bxg2 6. Qh5+ g6 7. fxg6 Bg7 8. gxh7+ Kf8 9. hxg8=Q+ Kxg8 10. Qg4 Bxh1 11. Bg5 Qf8 12. Nc3 Rxh2 13. O-O-O Na6 14. Bf4 Qxf4+ 15. Qxf4 Bh6 16. Qxh6 Rxh6 17. f3 Rf8 18. Be4 Bg2 19. Rd2 Bf1 20. Nge2 Bxe2 21. Rxe2 Nb4 22. a3 Nc6 23. Nb5 Na5 24. d5 Nxc4 25. dxe6 dxe6 26. Nxa7 Nd6 27. Nc6 Nxe4 28. fxe4 Rf1+ 29. Kc2 Rhh1 30. Kb3 Kf8 31. Rd2 Rd1 32. Rf2+ Ke8 33. Rf6 Rd6 34. Ne5 Rh5 35. Ng6 e5 36. Rf8+ Kd7 37. Rf7+ Kc8 38. Ne7+ Kb7 39. Nd5 Rc6 40. Re7 Rc5 41. a4 Rh2 42. Rxe5 Rcc2 43. Re7 Rxb2+ 44. Kc3 Rhc2+ 45. Kd4 Ra2 46. Ke5 Rxa4 47. Kf6 Rc5 48. Ne3 Rc6+ 49. Kf7 Rh6 50. Nf5 Rh7+ 51. Ng7 Rc4 52. e5 Rf4+ 53. Kg8 Rfh4 54. e6 Rh8+ 55. Kf7 Rf4+ 56. Kg6 Rhf8 57. Rd7 Kc8 58. Rf7 R4xf7 59. exf7 Rxf7 60. Kxf7 Kd7 61. Nf5 b5 62. Kf6 b4 63. Ne3 Kd6 64. Kf5 Kc5 65. Ke4 b3 66. Kd3 Kb4 67. Nc4 c6 68. Nb2 c5 69. Nc4 Kb5 70. Kc3 Ka4 71. Nb2+ Ka3 72. Nc4+ Ka2 73. Nb2 1/2-1/2

[Event "Netanya Open 2019"]
[Site "Netanya"]
[Date "2019.06.25"]
[Round "3.59"]
[White "Ben Ari, Yannay"]
[Black "Kinberg, Raz"]
[Result "1-0"]
[WhiteElo "2049"]
[BlackElo "1385"]
[PlyCount "41"]
[EventDate "2019.06.23"]
[EventType "swiss"]
[EventRounds "9"]
[EventCountry "ISR"]
[TimeControl "40/5400+30:1800+30"]

1. e4 e5 2. Nc3 Bc5 3. g3 Nf6 4. Bg2 O-O 5. Nge2 Nc6 6. O-O d6 7. Na4 Bb6 8. d3 Be6 9. Nxb6 axb6 10. f4 Qe7 11. Kh1 Rfd8 12. fxe5 dxe5 13. Bg5 Kh8 14. h3 Rg8 15. Qd2 Rad8 16. g4 Rd6 17. Ng3 Bxg4 18. hxg4 h6 19. Nf5 Qe6 20. Bxf6 Qxf6 21. Nxd6 1-0

[Event "Netanya Open 2019"]
[Site "Netanya"]
[Date "2019.06.25"]
[Round "3.60"]
[White "Freidles, Victor"]
[Black "Fudim, Basya"]
[Result "1-0"]
[WhiteElo "2040"]
[BlackElo "1332"]
[PlyCount "69"]
[EventDate "2019.06.23"]
[EventType "swiss"]
[EventRounds "9"]
[EventCountry "ISR"]
[TimeControl "40/5400+30:1800+30"]

1. e4 e6 2. d4 d5 3. exd5 exd5 4. Nf3 Nf6 5. Bd3 Be7 6. Bg5 O-O 7. Nbd2 c5 8. c3 Nc6 9. O-O Bg4 10. dxc5 Bxc5 11. h3 Bh5 12. Qc2 Bg6 13. Nb3 Bb6 14. Rad1 Qd6 15. Bxg6 fxg6 16. Nbd4 Ne4 17. Bh4 Rae8 18. Rfe1 Nxd4 19. cxd4 Bc7 20. Ne5 g5 21. Bg3 Nxg3 22. fxg3 Bb6 23. Kh2 Re6 24. Nf3 g4 25. Ng5 Rh6 26. Rf1 gxh3 27. Rxf8+ Kxf8 28. Nxh3 Qd8 29. Re1 Bc7 30. Qa4 Kf7 31. Rf1+ Kg8 32. Re1 Kf7 33. Qb3 Qd6 34. Qe3 Re6 35. Ng5+ 1-0

[Event "Netanya Open 2019"]
[Site "Netanya"]
[Date "2019.06.25"]
[Round "3.61"]
[White "Schnaidman, Itzhak"]
[Black "Feldman, Antony"]
[Result "0-1"]
[ECO "B06"]
[WhiteElo "1474"]
[BlackElo "1972"]
[PlyCount "44"]
[EventDate "2019.06.23"]
[EventType "swiss"]
[EventRounds "9"]
[EventCountry "ISR"]
[TimeControl "40/5400+30:1800+30"]

1. d4 g6 2. e4 Bg7 3. Be3 c5 4. c3 Nf6 5. f3 cxd4 6. cxd4 d5 7. Bb5+ Nfd7 8. Qd2 O-O 9. Ne2 dxe4 10. fxe4 Nf6 11. Nbc3 Ng4 12. Bf4 a6 13. Ba4 e5 14. Bg3 exd4 15. Nd5 b5 16. Nxd4 bxa4 17. Bxb8 Rxb8 18. Nc6 Rxb2 19. Nde7+ Kh8 20. Qxd8 Rxd8 21. Nxd8 Bc3+ 22. Kf1 Ne3+ 0-1

[Event "Netanya Open 2019"]
[Site "Netanya"]
[Date "2019.06.25"]
[Round "3.62"]
[White "Segev, Ido"]
[Black "Noy, Eyal"]
[Result "0-1"]
[WhiteElo "1382"]
[BlackElo "1858"]
[PlyCount "88"]
[EventDate "2019.06.23"]
[EventType "swiss"]
[EventRounds "9"]
[EventCountry "ISR"]
[TimeControl "40/5400+30:1800+30"]

1. e4 c5 2. Nf3 d6 3. d4 cxd4 4. Nxd4 Nf6 5. Nc3 a6 6. Bc4 e6 7. O-O Be7 8. Be3 O-O 9. f4 b5 10. Be2 b4 11. e5 bxc3 12. exf6 Bxf6 13. bxc3 Bb7 14. Rb1 Qc7 15. c4 Nd7 16. Qd2 Nc5 17. Rfd1 Be4 18. Bf3 Bxf3 19. Nxf3 Ne4 20. Qd3 Nc3 21. Bb6 Qc6 22. Nd4 Bxd4+ 23. Bxd4 Nxd1 24. Rxd1 Rac8 25. Qg3 f6 26. Re1 Qxc4 27. Ba1 e5 28. fxe5 fxe5 29. Qb3 Qxb3 30. cxb3 Kf7 31. Bb2 Ke6 32. Rd1 Rc2 33. Ba3 Rd8 34. Ra1 d5 35. Bb4 d4 36. a3 Rb2 37. Rc1 Kd5 38. Rc7 d3 39. Rc5+ Ke4 40. Rc4+ Rd4 41. Rc1 d2 42. Rd1 Ke3 43. Bc5 Rc2 44. Bxd4+ Ke2 0-1

[Event "Netanya Open 2019"]
[Site "Netanya"]
[Date "2019.06.25"]
[Round "3.63"]
[White "Baran, Yulia"]
[Black "Regenbogen, Yoseph"]
[Result "0-1"]
[ECO "C01"]
[WhiteElo "1344"]
[BlackElo "1806"]
[PlyCount "48"]
[EventDate "2019.06.23"]
[EventType "swiss"]
[EventRounds "9"]
[EventCountry "ISR"]
[TimeControl "40/5400+30:1800+30"]

1. e4 e6 2. Nf3 d5 3. exd5 exd5 4. d4 Nf6 5. Be2 Bd6 6. a3 O-O 7. O-O c6 8. Re1 Ne4 9. h3 Nd7 10. Be3 f5 11. c4 Ndf6 12. c5 Bc7 13. Bg5 h6 14. Bxf6 Qxf6 15. Nbd2 b6 16. b4 bxc5 17. bxc5 Ba5 18. Rf1 Bxd2 19. Nxd2 Qxd4 20. Nb3 Qf6 21. Re1 a5 22. Qc2 Qe5 23. Nd2 Nxd2 24. Qxd2 Qf6 {unreadable (0-1, 43)} 0-1

[Event "Netanya Open 2019"]
[Site "Netanya"]
[Date "2019.06.25"]
[Round "3.64"]
[White "Tsirilman, Guy"]
[Black "Lisnovetzky, Daniel"]
[Result "1/2-1/2"]
[WhiteElo "1798"]
[BlackElo "1320"]
[PlyCount "155"]
[EventDate "2019.06.23"]
[EventType "swiss"]
[EventRounds "9"]
[EventCountry "ISR"]
[TimeControl "40/5400+30:1800+30"]

1. Nf3 Nf6 2. g3 g6 3. Bg2 Bg7 4. O-O Nc6 5. d3 d5 6. Nbd2 Bg4 7. h3 Bd7 8. e4 dxe4 9. dxe4 O-O 10. c3 Qc8 11. Kh2 Rd8 12. Qe2 e5 13. a4 Re8 14. Nc4 Nh5 15. b4 a6 16. Be3 Nd8 17. Rfd1 b5 18. Nb2 Nb7 19. axb5 Bxb5 20. c4 Bc6 21. Nd2 Nf6 22. b5 axb5 23. cxb5 Bd7 24. Nb3 Rxa1 25. Nxa1 Nd6 26. b6 Nfxe4 27. Bxe4 Nxe4 28. b7 Qxb7 29. Rxd7 Nd6 30. Nc4 Bf8 31. Nxd6 Bxd6 32. Qc4 Re6 33. Rd8+ Kg7 34. Qh4 h5 35. Qg5 Be7 36. Qh6+ Kf6 37. g4 Ra6 38. Qg5+ Ke6 39. Re8 f6 40. Qxg6 Rxa1 41. Rxe7+ Kxe7 42. Bc5+ Ke6 43. Qg8+ Kd7 44. Qf7+ Kc6 45. Qxf6+ Kb5 46. Kg3 Rg1+ 47. Kh4 Kxc5 48. Qxe5+ Qd5 49. Qxc7+ Kd4 50. Qf4+ Kd3 51. Qe3+ Kc2 52. Qe2+ Kc1 53. Qe3+ Kd1 54. f3 Re1 55. Qf4 hxg4 56. fxg4 Qd8+ 57. Kh5 Qh8+ 58. Qh6 Re5+ 59. g5 Qe8+ 60. Qg6 Qh8+ 61. Qh6 Qd8 62. h4 Qd3 63. Qf6 Qe2+ 64. Kg6 Re6 65. h5 Qd3+ 66. Kg7 Qd7+ 67. Qf7 Qd4+ 68. Qf6 Rxf6 69. gxf6 Qg4+ 70. Kf8 Qxh5 71. f7 Qg6 72. Ke7 Qg5+ 73. Ke8 Qe5+ 74. Kf8 Ke2 75. Kg8 Qg5+ 76. Kh8 Qf6+ 77. Kg8 Qg6+ 78. Kh8 1/2-1/2

[Event "Netanya Open 2019"]
[Site "Netanya"]
[Date "2019.06.25"]
[Round "3.65"]
[White "Fudim, Ariel"]
[Black "Sivan, Guy"]
[Result "1-0"]
[WhiteElo "1768"]
[BlackElo "1246"]
[PlyCount "51"]
[EventDate "2019.06.23"]
[EventType "swiss"]
[EventRounds "9"]
[EventCountry "ISR"]
[TimeControl "40/5400+30:1800+30"]

1. d4 Nf6 2. c4 g6 3. f3 Bg7 4. e4 d6 5. Nc3 O-O 6. Be3 e5 7. d5 a5 8. Qd2 Na6 9. Nge2 Nc5 10. g4 h5 11. g5 Nfd7 12. Nc1 a4 13. Nd3 b6 14. Nb4 Bb7 15. Be2 Qe8 16. O-O-O Kh8 17. Rdf1 Kg8 18. Rhg1 Kh8 19. Qe1 Kg8 20. Qh4 Rc8 21. Nb5 Ra8 22. Nxc7 Qd8 23. Nxa8 Bxa8 24. Bd2 Qc7 25. Bc3 Qd8 26. Qe1 1-0

[Event "Netanya Open 2019"]
[Site "Netanya"]
[Date "2019.06.25"]
[Round "3.66"]
[White "Mendler, Omer"]
[Black "Lifshits, Raz"]
[Result "0-1"]
[ECO "C41"]
[WhiteElo "1231"]
[BlackElo "1749"]
[PlyCount "96"]
[EventDate "2019.06.23"]
[EventType "swiss"]
[EventRounds "9"]
[EventCountry "ISR"]
[TimeControl "40/5400+30:1800+30"]

1. e4 d6 2. d4 Nf6 3. Nc3 Nbd7 4. Nf3 e5 5. Bc4 Be7 6. dxe5 dxe5 7. Bxf7+ Kxf7 8. Ng5+ Kg8 9. Ne6 Qe8 10. Nxc7 Qg6 11. Nxa8 Qxg2 12. Rf1 Ng4 13. Nd5 Bh4 14. Qe2 Nxh2 15. Ne3 Qxe4 16. Qc4+ Qxc4 17. Nxc4 Nxf1 18. Kxf1 Be7 19. Nc7 Nf6 20. b3 Bf5 21. Ne3 Bd7 22. a4 a6 23. Bb2 Bd6 24. Ncd5 Kf7 25. Rd1 Ke6 26. Nxf6 gxf6 27. Ng4 Be7 28. Re1 Kf7 29. Ne3 h5 30. Rd1 Bc6 31. Nd5 h4 32. Kg1 Rg8+ 33. Kh2 Bc5 34. c4 Rd8 35. f3 Bf2 36. Rd2 Bg3+ 37. Kh3 Bd7+ 38. Kg2 Rg8 39. Kh1 Bf5 40. c5 Rd8 41. Rd1 Bc2 42. Rd2 Bxb3 43. Bc3 Rxd5 44. Rxd5 Bxd5 45. Kg2 Bf4 46. a5 Be3 47. Bb4 Be6 48. Kh2 f5 0-1

[Event "Netanya Open 2019"]
[Site "Netanya"]
[Date "2019.06.25"]
[Round "3.67"]
[White "Ribstein, Orel"]
[Black "Friedland, Benzi"]
[Result "1-0"]
[WhiteElo "1697"]
[BlackElo "1189"]
[PlyCount "113"]
[EventDate "2019.06.23"]
[EventType "swiss"]
[EventRounds "9"]
[EventCountry "ISR"]
[TimeControl "40/5400+30:1800+30"]

1. d4 d5 2. Nf3 Nf6 3. c4 e6 4. g3 Bb4+ 5. Nbd2 Nc6 6. e3 Ne4 7. a3 Bxd2+ 8. Nxd2 Qf6 9. Nxe4 dxe4 10. Bg2 Qg6 11. Qc2 f5 12. b4 Bd7 13. Bb2 Ne7 14. Rd1 O-O 15. h4 Qe8 16. Qc3 Rf7 17. h5 h6 18. Bf1 Kf8 19. Rh4 Ng8 20. Be2 Qe7 21. Rh1 Nf6 22. d5 Rc8 23. Qb3 a6 24. Bd4 Ne8 25. Rg1 Kg8 26. Bb2 Nf6 27. Bc3 Qe8 28. Qb2 Kf8 29. Be5 Kg8 30. g4 exd5 31. gxf5 Qe7 32. cxd5 Bb5 33. Bf4 Kh7 34. Bxb5 axb5 35. Qe2 c6 36. dxc6 bxc6 37. Rg6 Nd5 38. Bd6 Qh4 39. Bg3 Qh1+ 40. Kd2 Qf3 41. Qxf3 exf3 42. e4 Nf6 43. Ke3 Re8 44. Rd4 Nxh5 45. Kxf3 Nf6 46. Bh2 Rfe7 47. e5 Nd5 48. Rxc6 Nc7 49. e6 Nxe6 50. fxe6 g5 51. Re4 h5 52. Bg3 g4+ 53. Kg2 Ra8 54. Bh4 Ree8 55. e7 Rxa3 56. Rd6 Rh3 57. Rd8 1-0

[Event "Netanya Open 2019"]
[Site "Netanya"]
[Date "2019.06.25"]
[Round "3.68"]
[White "Marques, Don"]
[Black "Sobel, Alon"]
[Result "0-1"]
[WhiteElo "1179"]
[BlackElo "1704"]
[PlyCount "74"]
[EventDate "2019.06.23"]
[EventType "swiss"]
[EventRounds "9"]
[EventCountry "ISR"]
[TimeControl "40/5400+30:1800+30"]

1. e4 c5 2. Bc4 e6 3. Nf3 d6 4. Nc3 Nf6 5. d3 Be7 6. O-O O-O 7. Bg5 a6 8. a4 Qc7 9. Re1 Nc6 10. e5 Nxe5 11. Nxe5 dxe5 12. Ne4 Nxe4 13. Bxe7 Nxf2 14. Kxf2 Qxe7 15. Rxe5 Qf6+ 16. Qf3 Qxe5 17. c3 Qf5 18. Qxf5 exf5 19. a5 Be6 20. Ba2 Bxa2 21. Rxa2 Rad8 22. Ke2 Rfe8+ 23. Kd2 Re6 24. c4 Rde8 25. Kc3 Re2 26. g3 Rxh2 27. Ra4 Ree2 28. Ra2 Rhg2 29. Kb3 Rxg3 30. Ra1 Rxd3+ 31. Ka2 Rdd2 32. Rb1 f4 33. Rf1 Rxb2+ 34. Ka1 Rbd2 35. Kb1 f3 36. Kc1 f2 37. Rd1 Rxd1+ 0-1